Map: Curious Minds LE

Players

Warthog - Winner!

  • Race: Terran Terran
  • League: Master
  • Spawn Location: 5:00

TheThinger

  • Race: Protoss Protoss
  • League: Master
  • Spawn Location: 11:00

VOD

Have the link to the VOD?

Description

Time

  • Played on: Jan. 4, 2022, 6:21 p.m.
  • Length: 8:13
Show
View Real Time Build Order
Export as new Build Order

Warthog Terran - Winner!

Build Orders:  

Get SALT Encoding   

  12  0:01  SCV  
  13  0:13  SCV  
  14  0:17  Supply Depot  
  14  0:25  SCV  
  15  0:39  SCV  
  15  0:41  Barracks  
  16  0:45  Refinery  
  16  0:51  SCV  
  17  1:03  SCV  
  18  1:15  SCV  
  19  1:28  Orbital Command, Marine  
  20  1:40  Command Center  
  20  1:48  Barracks Reactor  
  20  2:01  Supply Depot, SCV  
  21  2:13  SCV  
  22  2:17  Barracks  
  22  2:21  Barracks  
  22  2:24  Marine x2  
  24  2:38  SCV  
  24  2:44  Marine x2  
  26  2:46  Bunker  
  27  2:56  Orbital Command  
  27  2:59  SCV  
  27  3:01  Marine  
  27  3:02  Marine  
  27  3:05  Marine  
  31  3:09  Engineering Bay  
  31  3:10  Marine  
  32  3:19  Marine  
  32  3:20  Marine  
  32  3:21  SCV  
  32  3:23  Barracks Tech Lab  
  32  3:26  Supply Depot  
  35  3:27  SCV  
  35  3:29  Barracks Tech Lab  
  35  3:34  SCV  
  37  3:39  SCV  
  38  3:48  Stimpack, Combat Shield  
  38  3:49  Supply Depot  
  38  3:51  Marine x2  
  38  3:52  SCV x2  
  42  3:59  Marine x2  
  44  4:03  Terran Infantry Weapons Level 1  
  44  4:04  SCV x2  
  46  4:16  SCV x2, Marine, Refinery  
  46  4:17  Refinery, Marine  
  49  4:28  SCV  
  49  4:30  Marine  
  45  4:45  Marine  
  45  4:47  Marauder  
  45  4:49  Marauder  
  45  4:51  SCV  
  47  4:55  SCV  
  47  4:56  Marine  
  47  4:57  Factory  
  47  4:58  Refinery  
  49  5:03  SCV, Marine  
  49  5:06  Supply Depot  
  51  5:08  Marauder  
  51  5:09  Marine  
  51  5:10  SCV  
  51  5:13  Supply Depot  
  55  5:15  SCV  
  56  5:22  Barracks, Marine x2, SCV  
  56  5:23  Barracks  
  56  5:27  SCV  
  60  5:31  Concussive Shells  
  60  5:32  Marauder x2  
  60  5:34  Supply Depot, SCV  
  65  5:40  Marine x2  
  67  5:44  SCV  
  67  5:49  SCV  
  69  5:51  Supply Depot  
  69  5:53  Marauder, Starport  
  69  5:54  Factory Reactor  
  69  5:56  SCV  
  72  6:01  SCV  
  73  6:06  Marauder, Marine x2  
  73  6:09  Barracks Reactor  
  73  6:10  Barracks Tech Lab  
  77  6:13  Terran Infantry Armor Level 1  
  77  6:14  Marauder  
  77  6:18  Supply Depot  
  81  6:20  Supply Depot  
  81  6:24  Marine x2  
  81  6:28  Marauder  
  83  6:36  Marauder, Factory Reactor  
  83  6:39  Marauder  
  87  6:40  Supply Depot  
  87  6:42  Marine x2  
  87  6:43  Supply Depot  
  87  6:46  Medivac x2  
  93  6:48  Marine  
  93  6:49  Marine  
  95  6:57  Marauder  
  97  7:02  Command Center  
  97  7:04  Marine x2  
  97  7:06  Marine x2  
  101  7:09  Marine  
  102  7:15  Medivac  
  102  7:16  Medivac, Widow Mine  
  108  7:27  Marauder, Marine x3  
  112  7:36  Marine  
  115  7:37  Marauder  
  115  7:44  Marauder  
  116  7:45  Marine x2  
Show
View Real Time Build Order
Export as new Build Order

TheThinger Protoss 

Build Orders: 1 Gate Expand 

Get SALT Encoding   

  12  0:00  Probe  
  13  0:12  Probe  
  14  0:17  Pylon  
  14  0:24  Probe  
  15  0:37  Probe  
  15  0:40  Gateway  
  16  0:49  Probe  
  17  1:01  Probe  
  18  1:13  Nexus  
  18  1:18  Assimilator  
  18  1:19  Probe  
  19  1:30  Cybernetics Core  
  19  1:33  Probe  
  20  1:43  Pylon  
  20  1:45  Probe  
  21  1:58  Adept, Probe, Pylon  
  22  2:03  Warp Gate (Chrono Boost)  
  24  2:15  Probe  
  25  2:18  Gateway  
  25  2:27  Probe  
  25  2:28  Stalker  
  29  2:39  Gateway  
  29  2:42  Probe  
  29  2:48  Probe  
  30  2:54  Probe  
  31  3:00  Probe, Assimilator  
  32  3:08  Probe (Chrono Boost)  
  36  3:14  Assimilator  
  36  3:15  Assimilator  
  36  3:16  Probe (Chrono Boost)  
  35  3:21  Probe (Chrono Boost)  
  35  3:26  Stargate, Probe (Chrono Boost)  
  36  3:27  Probe (Chrono Boost)  
  36  3:34  Pylon  
  37  3:35  Probe  
  37  3:36  Probe  
  39  3:47  Probe  
  39  3:48  Probe  
  41  3:51  Pylon  
  41  3:55  Pylon  
  41  3:56  Robotics Facility  
  41  3:59  Probe  
  42  4:03  Shield Battery  
  42  4:06  Probe  
  43  4:11  Probe  
  44  4:18  Probe  
  44  4:23  Probe  
  44  4:26  Protoss Air Weapons Level 1 (Chrono Boost)  
  34  4:34  Zealot  
  35  4:38  Zealot  
  35  4:43  Probe x2  
  33  4:55  Probe x2 (Chrono Boost)  
  33  4:57  Fleet Beacon  
  35  5:01  Observer  
  35  5:06  Probe (Chrono Boost)  
  35  5:07  Probe (Chrono Boost)  
  38  5:11  Probe x2 (Chrono Boost)  
  40  5:16  Robotics Bay  
  40  5:21  Probe  
  40  5:27  Probe  
  42  5:33  Probe (Chrono Boost)  
  43  5:37  Stargate  
  43  5:40  Probe (Chrono Boost)  
  44  5:45  Probe (Chrono Boost)  
  46  5:50  Probe (Chrono Boost)  
  46  5:52  Probe (Chrono Boost)  
  46  5:55  Probe (Chrono Boost)  
  48  6:00  Probe  
  48  6:03  Disruptor  
  52  6:05  Probe  
  53  6:17  Carrier  
  59  6:20  Shield Battery  
  59  6:23  Observer  
  59  6:33  Carrier  
  59  6:35  Probe  
  59  6:37  Probe  
  59  6:39  Disruptor (Chrono Boost)  
  70  6:54  Shield Battery  
  70  7:06  Pylon  
  70  7:08  Pylon  
  70  7:11  Pylon  
  69  7:24  Disruptor  
  68  7:35  Zealot x2  
Tags
 
Add a new tag
Caveats
  • Supply blocks, unpowered buildings, or Contaminate may cause inaccurate times.
  • Supply counts are checked every 10 seconds.